 Dungeon Crawl Stone Soup version 0.23.2 (webtiles) character file.

Game seed: 18168124857167398560

57 HuneSparrow the Covered (level 3, -4/33 HPs)
             Began as a Minotaur Fighter on Apr 5, 2019.
             Slain by Crazy Yiuf
             ... wielding a +4 quarterstaff of chaos
              (7 damage)
             ... on level 2 of the Dungeon.
             The game lasted 00:01:56 (1188 turns).

HuneSparrow the Covered (Minotaur Fighter)          Turns: 1188, Time: 00:01:57

Health: -4/33      AC:  7    Str: 26    XL:     3   Next: 73%
Magic:  0/2        EV:  8    Int:  5    God:
Gold:   82         SH: 10    Dex:  9    Spells: 2/2 levels left

rFire    . . .     SeeInvis .   a - +0 long sword
rCold    . . .     Gourm    .   c - +0 shield
rNeg     . . .     Faith    .   b - +0 scale mail
rPois    .         Spirit   .   (helmet restricted)
rElec    .         Reflect  .   (no cloak)
rCorr    .         Harm     .   (no gloves)
MR       .....                  (no boots)
Stlth    ..........             (no amulet)
HPRegen  0.11/turn              (no ring)
MPRegen  0.08/turn              (no ring)

@: mighty, lethally poisoned (-4 -> -12)
A: retaliatory headbutt, horns 2
a: no special abilities


You were on level 2 of the Dungeon.
You were not hungry.

You visited 1 branch of the dungeon, and saw 2 of its levels.

You collected 82 gold pieces.

Inventory:

Hand Weapons
 a - a +0 long sword (weapon)
Armour
 b - a +0 scale mail (worn)
 c - a +0 shield (worn)
Scrolls
 e - a scroll of enchant armour {unknown}
 h - 2 scrolls of amnesia {unknown}
 i - a scroll of teleportation {unknown}
 j - 7 scrolls of identify {unknown}
 k - 3 scrolls of remove curse {unknown}
Comestibles
 f - 4 rations


   Skills:
 + Level 4.3 Fighting
 + Level 2.8 Long Blades
 + Level 4.4 Armour
 + Level 0.5 Dodging
 + Level 4.1 Shields


You had 2 spell levels left.
You didn't know any spells.
Your spell library was empty.

Dungeon Overview and Level Annotations

Branches:
Dungeon (2/15)

Altars:

Annotations:
D:2 Crazy Yiuf


Innate Abilities, Weirdness & Mutations

You reflexively headbutt those who attack you in melee.
You have a pair of horns on your head.


Message History

Crazy Yiuf says, "Crazy?
Crazy!?
PORCUPINE!"
Crazy Yiuf hits you but does no damage.
You are lethally poisoned!
It was a potion of heal wounds.
You feel much better.
You feel sick.
Crazy Yiuf says, "Snurf!
Buddy shoe sanguine."
Crazy Yiuf hits you with a +4 quarterstaff of chaos.
* * * LOW HITPOINT WARNING * * *
Crazy Yiuf burns you.
* * * LOW HITPOINT WARNING * * *
You feel very mighty all of a sudden.
You feel less confused.
* * * LOW HITPOINT WARNING * * *
You feel sick. Crazy Yiuf hits you but does no damage. Space bends around you.
* * * LOW HITPOINT WARNING * * *
Your shield and scale mail prevent you from hitting Crazy Yiuf.
Your headbutt misses Crazy Yiuf.
Crazy Yiuf is severely wounded.
* * * LOW HITPOINT WARNING * * *
You feel sick.
Crazy Yiuf hits you with a +4 quarterstaff of chaos!
You die...

#.# #.# #>...#..#
#.( #.# #.#
#.#.##..# #.# #.#
#.# #.#.##..###..
### ###
#####........
#........
♣♣♣♣♣###.####..
### ♣♣♣.♣....#.#
##.
#...#♣..♣.P.....#
#.
#...g@♣♣♣♣P.....#
##. #)..#♣♣
♣♣.....# #.. ###
♣♣###.####..
#....##..
##.#.##.. ###
#.#.##.# #.#
#.#.##.. #.#
#.#.##.# #.#
#.#.##.#


You could see Crazy Yiuf.

Vanquished Creatures
  An adder (D:2)
  An ooze (D:2)
  A worm (D:2)
  A leopard gecko (D:2)
  A giant cockroach (D:2)
  4 hobgoblins (D:1)
  4 jackals (D:1)
  2 kobolds
  A quokka (D:2)
  2 ball pythons
  2 bats (D:2)
  7 frilled lizards
  8 goblins (D:1)
  5 rats (D:1)
40 creatures vanquished.

Notes
Turn   | Place    | Note
-------+----------+-------------------------------------------
     0 | D:1      | HuneSparrow the Minotaur Fighter began the quest for the
                  | Orb.
     0 | D:1      | Reached XP level 1. HP: 19/19 MP: 0/0
    61 | D:1      | Reached XP level 2. HP: 18/27 MP: 1/1
   417 | D:1      | Reached XP level 3. HP: 33/33 MP: 2/2
  1174 | D:2      | Found a runed translucent door.
  1175 | D:2      | Noticed Crazy Yiuf
  1188 | D:2      | Slain by Crazy Yiuf

Skill      XL: |  1  2 |
---------------+-------+-----
Armour         | 4 |  4.4
Fighting       | 4 |  4.3
Shields        | 4 |  4.1
Long Blades    | |  2.8
Dodging        | |  0.5

Action                   || total
-------------------------++-------
Melee: Long sword        ||    87
       Headbutt          ||    14
  Use: Potion            ||     2
  Eat: Chunk             ||     1
Armor: Scale mail        ||    35
Dodge: Dodged            ||    32
Block: Shield            ||    40
       Rpst.: Long sword ||     7
